Blue Jackets vs Stars

Created - May 3 2009 at 17:17

Goals
1 2 3 T
Blue Jackets 0 0 0 0
Stars 0 2 1 3
Shots
1 2 3 T
Blue Jackets 15 6 13 34
Stars 6 11 10 27

Period #1

No Goal

Penalties :
Mark Streit (DAL) for Slashing (Minor) at 0:35, Chris Minard (CLB) for Holding (Minor) at 11:44, Mark Streit (DAL) for Hooking (Minor) at 16:14, Kurtis Foster (DAL) for Hooking (Minor) at 18:19, Wade Redden (DAL) for Holding (Minor) at 18:22

Period #2

1. Stars , Scott Walker 26 (Wade Redden, Brandon Dubinsky) at 4:34 (PP)
2. Stars , Raffi Torres 9 (Taylor Pyatt, Brandon Dubinsky) at 16:11

Penalties :
Scott Walker (DAL) for High sticking (Minor) at 0:48, Chad Larose (CLB) for Hooking (Minor) at 1:36, Peter Harrold (CLB) for Hooking (Minor) at 3:40, Taylor Pyatt (DAL) for Hooking (Minor) at 7:19, Niklas Hagman (DAL) for Hooking (Minor) at 10:55

Period #3

3. Stars , Brandon Dubinsky 21 (Paul Ranger, Stephen Weiss) at 18:27

Penalties :
Brent Sopel (DAL) for Hooking (Minor) at 0:25, Paul Ranger (DAL) for Hooking (Minor) at 5:02, Kurtis Foster (DAL) for Hooking (Minor) at 7:02, Mark Streit (DAL) for Hooking (Minor) at 9:29, Scott Walker (DAL) for High sticking (Minor) at 14:38

Goalie Stats

Curtis Sanford (CLB), 24 saves from 27 shots - (0.889), L, 12-24-6, 60:00 minutes
Mike Smith (DAL), 34 saves from 34 shots - (1.000), W, 5-6-2, 60:00 minutes

Players Stats

Blue Jackets
Player Name              G  A  P  +/- PIM S  H  SB FO    MP 
------------------------------------------------------------
Brian Campbell           0  0  0   0  0   0  0  1  0/0   25 
Bryan Little             0  0  0   0  0   0  0  0  0/1   18 
Chad Larose              0  0  0   0  2   5  2  0  1/5   19 
Chris Minard             0  0  0  -1  2   0  0  0  0/1   9  
Curtis Brown             0  0  0   0  0   3  0  1  13/32 20 
Jarret Stoll             0  0  0   0  0   6  4  0  17/31 22 
Jeff Tambellini          0  0  0   0  0   1  0  0  0/0   7  
Joakim Lindstrom         0  0  0  -1  0   0  0  0  1/2   10 
Martin Lapointe          0  0  0   0  0   0  1  0  0/2   17 
Matt Moulson             0  0  0  -2  0   2  0  0  1/7   17 
Mike Zigomanis           0  0  0   0  0   0  0  0  2/4   6  
Paul Kariya              0  0  0  -1  0   5  0  0  1/7   21 
Peter Harrold            0  0  0  -2  2   1  0  0  0/0   15 
Roman Polak              0  0  0  -1  0   0  1  1  0/0   10 
Sergei Gonchar           0  0  0   0  0   4  1  0  0/0   25 
Shane Hnidy              0  0  0  -1  0   0  1  0  0/0   21 
Ville Koistinen          0  0  0   0  0   3  1  0  0/0   22 
Wayne Primeau            0  0  0  -1  0   4  0  0  6/12  13 
Stars
Player Name              G  A  P  +/- PIM S  H  SB FO    MP 
------------------------------------------------------------
Andrej Sekera            0  0  0   1  0   1  0  0  0/0   18 
Andrew Brunette          0  0  0   0  0   1  0  0  0/0   7  
Brad Richardson          0  0  0   0  0   0  0  0  16/33 16 
Brandon Dubinsky         1  2  3   2  0   4  2  0  14/17 13 
Brent Sopel              0  0  0   1  2   2  0  1  0/0   20 
Kurtis Foster            0  0  0   0  4   0  2  1  0/0   16 
Mark Streit              0  0  0   1  6   1  1  0  0/0   21 
Niklas Hagman            0  0  0   0  2   1  0  0  0/0   8  
Paul Ranger              0  1  1   1  2   2  3  5  0/0   22 
Peter Schaefer           0  0  0   0  0   1  1  0  0/1   15 
Radek Dvorak             0  0  0   0  0   0  1  0  0/0   13 
Raffi Torres             1  0  1   2  0   1  0  0  1/2   11 
Scott Walker             1  0  1   0  4   3  5  0  1/5   16 
Shawn Horcoff            0  0  0   0  0   3  1  0  23/34 23 
Stephen Weiss            0  1  1   1  0   2  0  0  5/9   11 
Steve Sullivan           0  0  0   0  0   3  0  0  0/0   17 
Taylor Pyatt             0  1  1   1  2   1  0  0  2/3   8  
Wade Redden              0  1  1   0  2   1  0  1  0/0   22 

3 Stars

1 - Mike Smith (DAL)
2 - Brandon Dubinsky (DAL)
3 - Raffi Torres (DAL)

Power Play

Blue Jackets - 0 on 12 Attempt(s) - 0.00%
Stars - 1 on 3 Attempt(s) - 33.33%

Penalty Kill

Blue Jackets - 2 on 3 Attempt(s) - 66.67% - Score 0 goal in Penalty Kill
Stars - 12 on 12 Attempt(s) - 100.00% - Score 0 goal in Penalty Kill

Game Notes

No Game Note

Finance

Level 1 -- Attendance: 3903 (63.00%) -- Ticket Income $390,300.00
Level 2 -- Attendance: 4228 (81.91%) -- Ticket Income $232,540.00
Level 3 -- Attendance: 1811 (87.70%) -- Ticket Income $63,385.00
Level 4 -- Attendance: 3284 (79.52%) -- Ticket Income $65,680.00
Luxury Box -- Attendance: 663 (64.24%) -- Ticket Income $132,600.00
Game was played at the American Airlines Center
Total Attendance: 13889 (74.74%)
Total Ticket Income: $967,924.00
Other Income: $416,103.60
Total Income: $1,384,028.00


Team Lines

Blue Jackets

5 vs 5
   Center                   Left Wing                Right Wing               Defense                  Defense                  
 1 Jarret Stoll             Paul Kariya              Bryan Little             Sergei Gonchar           Brian Campbell           
 2 Curtis Brown             Chad Larose              Martin Lapointe          Ville Koistinen          Shane Hnidy              
 3 Wayne Primeau            Matt Moulson             Joakim Lindstrom         Peter Harrold            Roman Polak              
 4 Mike Zigomanis           Jeff Tambellini          Chris Minard             Sergei Gonchar           Brian Campbell           

Power Play
   Center                   Left Wing                Right Wing               Defense                  Defense                  
 1 Jarret Stoll             Paul Kariya              Bryan Little             Sergei Gonchar           Brian Campbell           
 2 Curtis Brown             Chad Larose              Martin Lapointe          Ville Koistinen          Shane Hnidy              

Penalty Kill - 4 Players
   Center                   Wing                     Defense                  Defense                  
 1 Paul Kariya              Jarret Stoll             Sergei Gonchar           Brian Campbell           
 2 Chad Larose              Curtis Brown             Ville Koistinen          Shane Hnidy              

4 vs 4
   Center                   Wing                     Defense                  Defense                  
 1 Paul Kariya              Jarret Stoll             Sergei Gonchar           Brian Campbell           
 2 Chad Larose              Curtis Brown             Ville Koistinen          Shane Hnidy              

Penalty Kill - 3 Players
   Forward                  Defense                  Defense                  
 1 Paul Kariya              Sergei Gonchar           Brian Campbell           
 2 Jarret Stoll             Ville Koistinen          Shane Hnidy              

Goaltenders
Starting : Curtis Sanford           
Backup : Justin Pogge             

Extra Forwards
Paul Kariya, Jarret Stoll, Chad Larose, Curtis Brown, Matt Moulson
Extra Defensemen
Sergei Gonchar, Brian Campbell, Ville Koistinen, Shane Hnidy, Peter Harrold
Penalty Shots
Paul Kariya, Jarret Stoll, Chad Larose, Curtis Brown, Matt Moulson
Coach Strategy
Physical Style: 1 - Defense Style: 2 - Offense Style: 2

Stars

5 vs 5
   Center                   Left Wing                Right Wing               Defense                  Defense                  
 1 Shawn Horcoff            Steve Sullivan           Scott Walker             Mark Streit              Kurtis Foster            
 2 Stephen Weiss            Andrew Brunette          Niklas Hagman            Paul Ranger              Wade Redden              
 3 Brandon Dubinsky         Raffi Torres             Taylor Pyatt             Andrej Sekera            Brent Sopel              
 4 Brad Richardson          Peter Schaefer           Radek Dvorak             Brent Sopel              Paul Ranger              

Power Play
   Center                   Left Wing                Right Wing               Defense                  Defense                  
 1 Shawn Horcoff            Steve Sullivan           Niklas Hagman            Mark Streit              Kurtis Foster            
 2 Brandon Dubinsky         Andrew Brunette          Scott Walker             Paul Ranger              Wade Redden              

Penalty Kill - 4 Players
   Center                   Wing                     Defense                  Defense                  
 1 Brad Richardson          Peter Schaefer           Brent Sopel              Wade Redden              
 2 Shawn Horcoff            Radek Dvorak             Andrej Sekera            Paul Ranger              

4 vs 4
   Center                   Wing                     Defense                  Defense                  
 1 Shawn Horcoff            Steve Sullivan           Mark Streit              Kurtis Foster            
 2 Brandon Dubinsky         Niklas Hagman            Paul Ranger              Wade Redden              

Penalty Kill - 3 Players
   Forward                  Defense                  Defense                  
 1 Brad Richardson          Brent Sopel              Wade Redden              
 2 Stephen Weiss            Andrej Sekera            Paul Ranger              

Goaltenders
Starting : Mike Smith               
Backup : Niklas Backstrom         

Extra Forwards
Stephen Weiss, Steve Sullivan, Raffi Torres, Brandon Dubinsky, Niklas Hagman
Extra Defensemen
Mark Streit, Wade Redden, Paul Ranger, Andrej Sekera, Brent Sopel
Penalty Shots
Steve Sullivan, Shawn Horcoff, Niklas Hagman, Scott Walker, Andrew Brunette
Coach Strategy
Physical Style: 0 - Defense Style: 2 - Offense Style: 3

Play by Play

Period #1

0:01 of 1st period - Shawn Horcoff wins face-off versus Jarret Stoll in neutral zone.
0:04 of 1st period - Shot by Scott Walker.
0:04 of 1st period - Shot Misses the Net.
0:11 of 1st period - Icing by Sergei Gonchar.
0:12 of 1st period - Stephen Weiss wins face-off versus Jarret Stoll in Blue Jackets zone.
0:16 of 1st period - Icing by Brian Campbell.
0:17 of 1st period - Jarret Stoll wins face-off versus Brandon Dubinsky in Blue Jackets zone.
0:32 of 1st period - Shot by Paul Kariya.
0:32 of 1st period - Stopped by Mike Smith without a rebound.
0:33 of 1st period - Curtis Brown wins face-off versus Scott Walker in Stars zone.
0:35 of 1st period - Minor Penalty to Mark Streit for Slashing.
0:36 of 1st period - Shawn Horcoff wins face-off versus Curtis Brown in Stars zone.
0:44 of 1st period - Icing by Ville Koistinen.
0:45 of 1st period - Shawn Horcoff wins face-off versus Curtis Brown in Blue Jackets zone.
1:14 of 1st period - Shot by Chad Larose.
1:14 of 1st period - Shot Misses the Net.
1:16 of 1st period - Shot by Chad Larose.
1:16 of 1st period - Stopped by Mike Smith with a rebound.
1:42 of 1st period - Shot by Sergei Gonchar.
1:42 of 1st period - Stopped by Mike Smith without a rebound.
1:43 of 1st period - Jarret Stoll wins face-off versus Shawn Horcoff in Stars zone.
1:44 of 1st period - Shot by Paul Kariya.
1:44 of 1st period - Shot Blocked by Paul Ranger.
1:46 of 1st period - Shot by Bryan Little.
1:46 of 1st period - Shot Blocked by Paul Ranger.
1:48 of 1st period - Shot by Jarret Stoll.
1:48 of 1st period - Shot Misses the Net.
1:50 of 1st period - Shot by Jarret Stoll.
1:50 of 1st period - Stopped by Mike Smith without a rebound.
1:51 of 1st period - Jarret Stoll wins face-off versus Brad Richardson in Stars zone.
2:58 of 1st period - Wayne Primeau is hit by Scott Walker and loses puck.
3:12 of 1st period - Off-side.
3:13 of 1st period - Curtis Brown wins face-off versus Stephen Weiss in neutral zone.
3:40 of 1st period - Off-side.
3:41 of 1st period - Brandon Dubinsky wins face-off versus Mike Zigomanis in neutral zone.
4:49 of 1st period - Joakim Lindstrom is hit by Kurtis Foster.
4:57 of 1st period - Shot by Joakim Lindstrom.
4:57 of 1st period - Shot Misses the Net.
5:33 of 1st period - Niklas Hagman is hit by Shane Hnidy and loses puck.
6:06 of 1st period - Icing by Andrew Brunette.
6:07 of 1st period - Paul Kariya wins face-off versus Stephen Weiss in Stars zone.
8:17 of 1st period - Shot by Andrej Sekera.
8:17 of 1st period - Stopped by Curtis Sanford without a rebound.
8:18 of 1st period - Wayne Primeau wins face-off versus Brad Richardson in Blue Jackets zone.
8:35 of 1st period - Shot by Wayne Primeau.
8:35 of 1st period - Stopped by Mike Smith without a rebound.
8:36 of 1st period - Brandon Dubinsky wins face-off versus Jarret Stoll in Stars zone.
8:53 of 1st period - Shot by Brandon Dubinsky.
8:53 of 1st period - Shot Misses the Net.
8:55 of 1st period - Shot by Brent Sopel.
8:55 of 1st period - Deflect By Taylor Pyatt.
8:55 of 1st period - Shot Blocked by Brian Campbell.
8:57 of 1st period - Shot by Taylor Pyatt.
8:57 of 1st period - Stopped by Curtis Sanford without a rebound.
8:58 of 1st period - Wayne Primeau wins face-off versus Shawn Horcoff in Blue Jackets zone.
8:58 of 1st period - Wayne Primeau is hit by Scott Walker.
9:13 of 1st period - Matt Moulson is hit by Kurtis Foster and loses puck.
9:23 of 1st period - Joakim Lindstrom is hit by Mark Streit.
9:25 of 1st period - Shot by Matt Moulson.
9:25 of 1st period - Deflect By Wayne Primeau.
9:25 of 1st period - Shot Misses the Net.
9:29 of 1st period - Shot by Peter Harrold.
9:29 of 1st period - Stopped by Mike Smith without a rebound.
9:30 of 1st period - Jarret Stoll wins face-off versus Brad Richardson in Stars zone.
10:37 of 1st period - Shot by Shawn Horcoff.
10:37 of 1st period - Stopped by Curtis Sanford without a rebound.
10:38 of 1st period - Stephen Weiss wins face-off versus Chad Larose in Blue Jackets zone.
10:53 of 1st period - Shot by Chad Larose.
10:53 of 1st period - Shot Misses the Net.
10:55 of 1st period - Shot by Chad Larose.
10:55 of 1st period - Stopped by Mike Smith without a rebound.
10:56 of 1st period - Brandon Dubinsky wins face-off versus Wayne Primeau in Stars zone.
11:44 of 1st period - Minor Penalty to Chris Minard for Holding.
11:45 of 1st period - Shawn Horcoff wins face-off versus Paul Kariya in Stars zone.
12:40 of 1st period - Icing by Scott Walker.
12:41 of 1st period - Brandon Dubinsky wins face-off versus Chad Larose in Stars zone.
12:47 of 1st period - Off-side.
12:48 of 1st period - Brandon Dubinsky wins face-off versus Paul Kariya in neutral zone.
12:57 of 1st period - Shot by Brent Sopel.
12:57 of 1st period - Stopped by Curtis Sanford without a rebound.
12:58 of 1st period - Shawn Horcoff wins face-off versus Chad Larose in Blue Jackets zone.
13:18 of 1st period - Off-side.
13:19 of 1st period - Brandon Dubinsky wins face-off versus Chad Larose in neutral zone.
14:02 of 1st period - Shot by Paul Ranger.
14:02 of 1st period - Shot Misses the Net.
14:04 of 1st period - Shot by Radek Dvorak.
14:04 of 1st period - Shot Misses the Net.
14:08 of 1st period - Shot by Radek Dvorak.
14:08 of 1st period - Shot Blocked by Roman Polak.
14:10 of 1st period - Shot by Paul Ranger.
14:10 of 1st period - Stopped by Curtis Sanford without a rebound.
14:11 of 1st period - Mike Zigomanis wins face-off versus Scott Walker in Blue Jackets zone.
14:11 of 1st period - Mike Zigomanis is hit by Scott Walker.
14:27 of 1st period - Shot by Shawn Horcoff.
14:27 of 1st period - Stopped by Curtis Sanford without a rebound.
14:28 of 1st period - Taylor Pyatt wins face-off versus Jarret Stoll in Blue Jackets zone.
14:50 of 1st period - Icing by Brent Sopel.
14:51 of 1st period - Curtis Brown wins face-off versus Brandon Dubinsky in Stars zone.
16:14 of 1st period - Minor Penalty to Mark Streit for Hooking.
16:15 of 1st period - Brad Richardson wins face-off versus Jarret Stoll in Stars zone.
17:12 of 1st period - Shot by Jeff Tambellini.
17:12 of 1st period - Stopped by Mike Smith without a rebound.
17:13 of 1st period - Brad Richardson wins face-off versus Jarret Stoll in Stars zone.
17:13 of 1st period - Brad Richardson is hit by Jarret Stoll.
17:25 of 1st period - Shot by Sergei Gonchar.
17:25 of 1st period - Stopped by Mike Smith without a rebound.
17:26 of 1st period - Curtis Brown wins face-off versus Shawn Horcoff in Stars zone.
17:31 of 1st period - Shot by Ville Koistinen.
17:31 of 1st period - Shot Misses the Net.
17:33 of 1st period - Shot by Chad Larose.
17:33 of 1st period - Deflect By Martin Lapointe.
17:33 of 1st period - Shot Misses the Net.
17:35 of 1st period - Shot by Chad Larose.
17:35 of 1st period - Shot Misses the Net.
17:37 of 1st period - Shot by Ville Koistinen.
17:37 of 1st period - Stopped by Mike Smith without a rebound.
17:38 of 1st period - Jarret Stoll wins face-off versus Brad Richardson in Stars zone.
17:46 of 1st period - Icing by Jarret Stoll.
17:47 of 1st period - Shawn Horcoff wins face-off versus Jarret Stoll in Blue Jackets zone.
17:58 of 1st period - Shot by Paul Kariya.
17:58 of 1st period - Stopped by Mike Smith with a rebound.
18:02 of 1st period - Shot by Brian Campbell.
18:02 of 1st period - Shot Blocked by Paul Ranger.
18:06 of 1st period - Shot by Jarret Stoll.
18:06 of 1st period - Stopped by Mike Smith without a rebound.
18:07 of 1st period - Brad Richardson wins face-off versus Curtis Brown in Stars zone.
18:19 of 1st period - Minor Penalty to Kurtis Foster for Hooking.
18:20 of 1st period - Curtis Brown wins face-off versus Peter Schaefer in Stars zone.
18:22 of 1st period - Minor Penalty to Wade Redden for Holding.
18:23 of 1st period - Curtis Brown wins face-off versus Brad Richardson in Stars zone.
18:28 of 1st period - Shot by Ville Koistinen.
18:28 of 1st period - Stopped by Mike Smith without a rebound.
18:29 of 1st period - Brad Richardson wins face-off versus Curtis Brown in Stars zone.
18:46 of 1st period - Shot by Ville Koistinen.
18:46 of 1st period - Stopped by Mike Smith without a rebound.
18:47 of 1st period - Jarret Stoll wins face-off versus Brad Richardson in Stars zone.
19:44 of 1st period - Shot by Curtis Brown.
19:44 of 1st period - Stopped by Mike Smith without a rebound.
19:45 of 1st period - Jarret Stoll wins face-off versus Brad Richardson in Stars zone.
19:52 of 1st period - Shot by Paul Kariya.
19:52 of 1st period - Shot Misses the Net.

Period #2

0:01 of 2nd period - Jarret Stoll wins face-off versus Brad Richardson in neutral zone.
0:35 of 2nd period - Icing by Ville Koistinen.
0:36 of 2nd period - Shawn Horcoff wins face-off versus Curtis Brown in Blue Jackets zone.
0:48 of 2nd period - Minor Penalty to Scott Walker for High sticking.
0:49 of 2nd period - Brad Richardson wins face-off versus Jarret Stoll in neutral zone.
1:12 of 2nd period - Shot by Sergei Gonchar.
1:12 of 2nd period - Shot Blocked by Paul Ranger.
1:14 of 2nd period - Shot by Jarret Stoll.
1:14 of 2nd period - Deflect By Paul Kariya.
1:14 of 2nd period - Stopped by Mike Smith without a rebound.
1:15 of 2nd period - Brad Richardson wins face-off versus Curtis Brown in Stars zone.
1:36 of 2nd period - Minor Penalty to Chad Larose for Hooking.
1:37 of 2nd period - Shawn Horcoff wins face-off versus Paul Kariya in Stars zone.
2:40 of 2nd period - Icing by Paul Ranger.
2:41 of 2nd period - Brandon Dubinsky wins face-off versus Matt Moulson in Stars zone.
2:49 of 2nd period - Shot by Paul Ranger.
2:49 of 2nd period - Shot Misses the Net.
2:51 of 2nd period - Shot by Scott Walker.
2:51 of 2nd period - Stopped by Curtis Sanford without a rebound.
2:52 of 2nd period - Brandon Dubinsky wins face-off versus Matt Moulson in Blue Jackets zone.
3:39 of 2nd period - Shot by Brent Sopel.
3:39 of 2nd period - Stopped by Curtis Sanford without a rebound.
3:40 of 2nd period - Brad Richardson wins face-off versus Wayne Primeau in Blue Jackets zone.
3:40 of 2nd period - Minor Penalty to Peter Harrold for Hooking.
3:41 of 2nd period - Shawn Horcoff wins face-off versus Paul Kariya in Blue Jackets zone.
3:53 of 2nd period - Shawn Horcoff is hit by Sergei Gonchar and loses puck.
4:32 of 2nd period - Shot by Wade Redden.
4:32 of 2nd period - Stopped by Curtis Sanford with a rebound.
4:34 of 2nd period - Shot by Scott Walker.
4:34 of 2nd period - Goal by Scott Walker - Blue Jackets : 0 - Stars : 1.
4:35 of 2nd period - Wayne Primeau wins face-off versus Brad Richardson in neutral zone.
4:50 of 2nd period - Shot by Joakim Lindstrom.
4:50 of 2nd period - Shot Misses the Net.
4:57 of 2nd period - Off-side.
4:58 of 2nd period - Taylor Pyatt wins face-off versus Martin Lapointe in neutral zone.
4:58 of 2nd period - Taylor Pyatt is hit by Martin Lapointe.
5:14 of 2nd period - Shot by Chad Larose.
5:14 of 2nd period - Stopped by Mike Smith without a rebound.
5:15 of 2nd period - Scott Walker wins face-off versus Joakim Lindstrom in Stars zone.
5:24 of 2nd period - Shot by Joakim Lindstrom.
5:24 of 2nd period - Deflect By Matt Moulson.
5:24 of 2nd period - Stopped by Mike Smith without a rebound.
5:25 of 2nd period - Stephen Weiss wins face-off versus Curtis Brown in Stars zone.
5:25 of 2nd period - Stephen Weiss is hit by Chad Larose.
5:41 of 2nd period - Shot by Wade Redden.
5:41 of 2nd period - Shot Blocked by Curtis Brown.
5:45 of 2nd period - Shot by Stephen Weiss.
5:45 of 2nd period - Stopped by Curtis Sanford without a rebound.
5:46 of 2nd period - Wayne Primeau wins face-off versus Shawn Horcoff in Blue Jackets zone.
5:57 of 2nd period - Shot by Matt Moulson.
5:57 of 2nd period - Shot Misses the Net.
7:19 of 2nd period - Minor Penalty to Taylor Pyatt for Hooking.
7:20 of 2nd period - Curtis Brown wins face-off versus Brad Richardson in neutral zone.
7:47 of 2nd period - Icing by Curtis Brown.
7:48 of 2nd period - Curtis Brown wins face-off versus Brad Richardson in Blue Jackets zone.
7:48 of 2nd period - Ville Koistinen is hit by Peter Schaefer.
8:37 of 2nd period - Shot by Sergei Gonchar.
8:37 of 2nd period - Stopped by Mike Smith without a rebound.
8:38 of 2nd period - Shawn Horcoff wins face-off versus Curtis Brown in Stars zone.
9:29 of 2nd period - Icing by Mark Streit.
9:30 of 2nd period - Shawn Horcoff wins face-off versus Wayne Primeau in Stars zone.
9:35 of 2nd period - Shot by Scott Walker.
9:35 of 2nd period - Stopped by Curtis Sanford with a rebound.
10:16 of 2nd period - Shot by Andrew Brunette.
10:16 of 2nd period - Stopped by Curtis Sanford without a rebound.
10:17 of 2nd period - Brandon Dubinsky wins face-off versus Jarret Stoll in Blue Jackets zone.
10:34 of 2nd period - Shot by Paul Kariya.
10:34 of 2nd period - Shot Blocked by Brent Sopel.
10:44 of 2nd period - Shot by Paul Kariya.
10:44 of 2nd period - Shot Misses the Net.
10:47 of 2nd period - Icing by Brent Sopel.
10:48 of 2nd period - Brandon Dubinsky wins face-off versus Mike Zigomanis in Stars zone.
10:52 of 2nd period - Off-side.
10:53 of 2nd period - Stephen Weiss wins face-off versus Curtis Brown in neutral zone.
10:55 of 2nd period - Minor Penalty to Niklas Hagman for Hooking.
10:56 of 2nd period - Shawn Horcoff wins face-off versus Curtis Brown in Blue Jackets zone.
11:31 of 2nd period - Icing by Chad Larose.
11:32 of 2nd period - Brad Richardson wins face-off versus Curtis Brown in Blue Jackets zone.
11:32 of 2nd period - Brad Richardson is hit by Ville Koistinen.
13:10 of 2nd period - Shot by Joakim Lindstrom.
13:10 of 2nd period - Shot Misses the Net.
13:12 of 2nd period - Shot by Wayne Primeau.
13:12 of 2nd period - Shot Misses the Net.
13:14 of 2nd period - Shot by Wayne Primeau.
13:14 of 2nd period - Shot Blocked by Kurtis Foster.
14:03 of 2nd period - Off-side.
14:04 of 2nd period - Raffi Torres wins face-off versus Curtis Brown in neutral zone.
14:58 of 2nd period - Icing by Paul Ranger.
14:59 of 2nd period - Jarret Stoll wins face-off versus Brad Richardson in Stars zone.
15:10 of 2nd period - Brian Campbell is hit by Radek Dvorak and loses puck.
15:16 of 2nd period - Sergei Gonchar is hit by Paul Ranger and loses puck.
15:22 of 2nd period - Icing by Paul Ranger.
15:23 of 2nd period - Mike Zigomanis wins face-off versus Brad Richardson in Stars zone.
15:57 of 2nd period - Shot by Steve Sullivan.
15:57 of 2nd period - Stopped by Curtis Sanford without a rebound.
15:58 of 2nd period - Wayne Primeau wins face-off versus Taylor Pyatt in Blue Jackets zone.
16:05 of 2nd period - Shot by Brandon Dubinsky.
16:05 of 2nd period - Stopped by Curtis Sanford without a rebound.
16:06 of 2nd period - Brandon Dubinsky wins face-off versus Wayne Primeau in Blue Jackets zone.
16:11 of 2nd period - Shot by Raffi Torres.
16:11 of 2nd period - Goal by Raffi Torres - Blue Jackets : 0 - Stars : 2.
16:12 of 2nd period - Shawn Horcoff wins face-off versus Curtis Brown in neutral zone.
16:31 of 2nd period - Shot by Shawn Horcoff.
16:31 of 2nd period - Stopped by Curtis Sanford with a rebound.
16:38 of 2nd period - Icing by Martin Lapointe.
16:39 of 2nd period - Curtis Brown wins face-off versus Brad Richardson in Blue Jackets zone.
16:58 of 2nd period - Shot by Wayne Primeau.
16:58 of 2nd period - Stopped by Mike Smith without a rebound.
16:59 of 2nd period - Brandon Dubinsky wins face-off versus Jarret Stoll in Stars zone.
17:01 of 2nd period - Taylor Pyatt is hit by Jarret Stoll and loses puck.
17:15 of 2nd period - Icing by Taylor Pyatt.
17:16 of 2nd period - Brandon Dubinsky wins face-off versus Wayne Primeau in Stars zone.
18:04 of 2nd period - Steve Sullivan is hit by Roman Polak and loses puck.
19:05 of 2nd period - Icing by Brian Campbell.
19:06 of 2nd period - Jarret Stoll wins face-off versus Brad Richardson in Blue Jackets zone.
19:29 of 2nd period - Shot by Chad Larose.
19:29 of 2nd period - Stopped by Mike Smith without a rebound.
19:30 of 2nd period - Stephen Weiss wins face-off versus Curtis Brown in Stars zone.

Period #3

0:01 of 3rd period - Joakim Lindstrom wins face-off versus Brandon Dubinsky in neutral zone.
0:25 of 3rd period - Minor Penalty to Brent Sopel for Hooking.
0:26 of 3rd period - Brad Richardson wins face-off versus Paul Kariya in Stars zone.
0:57 of 3rd period - Shot by Paul Kariya.
0:57 of 3rd period - Stopped by Mike Smith without a rebound.
0:58 of 3rd period - Shawn Horcoff wins face-off versus Curtis Brown in Stars zone.
2:08 of 3rd period - Shot by Sergei Gonchar.
2:08 of 3rd period - Stopped by Mike Smith without a rebound.
2:09 of 3rd period - Jarret Stoll wins face-off versus Brad Richardson in Stars zone.
2:35 of 3rd period - Shot by Jarret Stoll.
2:35 of 3rd period - Stopped by Mike Smith without a rebound.
2:36 of 3rd period - Shawn Horcoff wins face-off versus Matt Moulson in Stars zone.
2:45 of 3rd period - Shot by Steve Sullivan.
2:45 of 3rd period - Stopped by Curtis Sanford without a rebound.
2:46 of 3rd period - Jarret Stoll wins face-off versus Shawn Horcoff in Blue Jackets zone.
2:51 of 3rd period - Shot by Paul Kariya.
2:51 of 3rd period - Stopped by Mike Smith without a rebound.
2:52 of 3rd period - Shawn Horcoff wins face-off versus Jarret Stoll in Stars zone.
3:10 of 3rd period - Icing by Sergei Gonchar.
3:11 of 3rd period - Jarret Stoll wins face-off versus Shawn Horcoff in Blue Jackets zone.
3:37 of 3rd period - Shot by Brian Campbell.
3:37 of 3rd period - Shot Blocked by Wade Redden.
3:39 of 3rd period - Shot by Curtis Brown.
3:39 of 3rd period - Stopped by Mike Smith without a rebound.
3:40 of 3rd period - Curtis Brown wins face-off versus Stephen Weiss in Stars zone.
3:50 of 3rd period - Icing by Stephen Weiss.
3:51 of 3rd period - Brandon Dubinsky wins face-off versus Chris Minard in Stars zone.
3:51 of 3rd period - Brandon Dubinsky is hit by Chad Larose.
4:12 of 3rd period - Shot by Matt Moulson.
4:12 of 3rd period - Stopped by Mike Smith without a rebound.
4:13 of 3rd period - Jarret Stoll wins face-off versus Shawn Horcoff in Stars zone.
5:02 of 3rd period - Minor Penalty to Paul Ranger for Hooking.
5:03 of 3rd period - Brad Richardson wins face-off versus Curtis Brown in Stars zone.
5:43 of 3rd period - Icing by Matt Moulson.
5:44 of 3rd period - Matt Moulson wins face-off versus Raffi Torres in Blue Jackets zone.
7:02 of 3rd period - Minor Penalty to Kurtis Foster for Hooking.
7:03 of 3rd period - Brad Richardson wins face-off versus Matt Moulson in Stars zone.
7:20 of 3rd period - Shot by Chad Larose.
7:20 of 3rd period - Shot Misses the Net.
7:22 of 3rd period - Shot by Chad Larose.
7:22 of 3rd period - Stopped by Mike Smith without a rebound.
7:23 of 3rd period - Shawn Horcoff wins face-off versus Jarret Stoll in Stars zone.
8:11 of 3rd period - Shot by Curtis Brown.
8:11 of 3rd period - Stopped by Mike Smith without a rebound.
8:12 of 3rd period - Shawn Horcoff wins face-off versus Matt Moulson in Stars zone.
9:12 of 3rd period - Shot by Scott Walker.
9:12 of 3rd period - Shot Misses the Net.
9:18 of 3rd period - Shot by Mark Streit.
9:18 of 3rd period - Stopped by Curtis Sanford with a rebound.
9:29 of 3rd period - Minor Penalty to Mark Streit for Hooking.
9:30 of 3rd period - Shawn Horcoff wins face-off versus Curtis Brown in Stars zone.
10:24 of 3rd period - Off-side.
10:25 of 3rd period - Shawn Horcoff wins face-off versus Martin Lapointe in neutral zone.
10:43 of 3rd period - Icing by Shane Hnidy.
10:44 of 3rd period - Curtis Brown wins face-off versus Shawn Horcoff in Blue Jackets zone.
11:01 of 3rd period - Curtis Brown is hit by Shawn Horcoff and loses puck.
11:40 of 3rd period - Paul Kariya is hit by Scott Walker and loses puck.
11:53 of 3rd period - Shot by Jarret Stoll.
11:53 of 3rd period - Stopped by Mike Smith without a rebound.
11:54 of 3rd period - Jarret Stoll wins face-off versus Scott Walker in Stars zone.
12:05 of 3rd period - Shot by Jarret Stoll.
12:05 of 3rd period - Shot Misses the Net.
12:07 of 3rd period - Shot by Wayne Primeau.
12:07 of 3rd period - Stopped by Mike Smith with a rebound.
12:09 of 3rd period - Shot by Jarret Stoll.
12:09 of 3rd period - Stopped by Mike Smith without a rebound.
12:10 of 3rd period - Shawn Horcoff wins face-off versus Matt Moulson in Stars zone.
12:26 of 3rd period - Matt Moulson is hit by Brandon Dubinsky and loses puck.
12:39 of 3rd period - Icing by Raffi Torres.
12:40 of 3rd period - Shawn Horcoff wins face-off versus Bryan Little in Stars zone.
12:58 of 3rd period - Brian Campbell is hit by Paul Ranger and loses puck.
13:09 of 3rd period - Shot by Sergei Gonchar.
13:09 of 3rd period - Shot Blocked by Paul Ranger.
13:45 of 3rd period - Shot by Niklas Hagman.
13:45 of 3rd period - Shot Misses the Net.
13:47 of 3rd period - Shot by Brent Sopel.
13:47 of 3rd period - Shot Misses the Net.
13:49 of 3rd period - Shot by Taylor Pyatt.
13:49 of 3rd period - Shot Misses the Net.
13:53 of 3rd period - Shot by Niklas Hagman.
13:53 of 3rd period - Stopped by Curtis Sanford without a rebound.
13:54 of 3rd period - Jarret Stoll wins face-off versus Shawn Horcoff in Blue Jackets zone.
13:54 of 3rd period - Jarret Stoll is hit by Brandon Dubinsky.
14:13 of 3rd period - Shot by Shawn Horcoff.
14:13 of 3rd period - Deflect By Brandon Dubinsky.
14:13 of 3rd period - Stopped by Curtis Sanford with a rebound.
14:38 of 3rd period - Minor Penalty to Scott Walker for High sticking.
14:39 of 3rd period - Brad Richardson wins face-off versus Curtis Brown in Blue Jackets zone.
14:42 of 3rd period - Shot by Peter Schaefer.
14:42 of 3rd period - Stopped by Curtis Sanford without a rebound.
14:43 of 3rd period - Brad Richardson wins face-off versus Paul Kariya in Blue Jackets zone.
14:58 of 3rd period - Shot by Ville Koistinen.
14:58 of 3rd period - Shot Misses the Net.
15:36 of 3rd period - Shot by Jarret Stoll.
15:36 of 3rd period - Stopped by Mike Smith without a rebound.
15:37 of 3rd period - Chad Larose wins face-off versus Shawn Horcoff in Stars zone.
16:04 of 3rd period - Shot by Wayne Primeau.
16:04 of 3rd period - Stopped by Mike Smith without a rebound.
16:05 of 3rd period - Brad Richardson wins face-off versus Jarret Stoll in Stars zone.
16:05 of 3rd period - Brad Richardson is hit by Jarret Stoll.
16:11 of 3rd period - Peter Schaefer is hit by Jarret Stoll.
16:36 of 3rd period - Icing by Jarret Stoll.
16:37 of 3rd period - Jarret Stoll wins face-off versus Stephen Weiss in Blue Jackets zone.
17:03 of 3rd period - Icing by Ville Koistinen.
17:04 of 3rd period - Curtis Brown wins face-off versus Scott Walker in Blue Jackets zone.
17:06 of 3rd period - Icing by Paul Kariya.
17:07 of 3rd period - Curtis Brown wins face-off versus Shawn Horcoff in Blue Jackets zone.
17:07 of 3rd period - Curtis Brown is hit by Scott Walker.
17:25 of 3rd period - Shot by Steve Sullivan.
17:25 of 3rd period - Stopped by Curtis Sanford without a rebound.
17:26 of 3rd period - Shawn Horcoff wins face-off versus Jarret Stoll in Blue Jackets zone.
17:47 of 3rd period - Shot by Steve Sullivan.
17:47 of 3rd period - Shot Misses the Net.
18:17 of 3rd period - Shot by Stephen Weiss.
18:17 of 3rd period - Stopped by Curtis Sanford with a rebound.
18:21 of 3rd period - Shot by Brandon Dubinsky.
18:21 of 3rd period - Stopped by Curtis Sanford with a rebound.
18:23 of 3rd period - Shot by Paul Ranger.
18:23 of 3rd period - Stopped by Curtis Sanford with a rebound.
18:27 of 3rd period - Shot by Brandon Dubinsky.
18:27 of 3rd period - Goal by Brandon Dubinsky - Blue Jackets : 0 - Stars : 3.
18:28 of 3rd period - Wayne Primeau wins face-off versus Brad Richardson in neutral zone.
18:30 of 3rd period - Off-side.
18:31 of 3rd period - Brad Richardson wins face-off versus Wayne Primeau in neutral zone.
18:57 of 3rd period - Icing by Brent Sopel.
18:58 of 3rd period - Brad Richardson wins face-off versus Curtis Brown in Stars zone.
19:14 of 3rd period - Ville Koistinen is hit by Paul Ranger and loses puck.


Output by the SimonT Hockey Simulator (STHS) for Jason Fisher -- Original Page W3C XHTML 1.0 Valid